 Dungeon Crawl Stone Soup version 0.24-a0-525-g9231cdcba1 (webtiles) character file.

Game seed: 12490280112803341634

107 GordonOverkill the Shooter (level 4, 0/35 HPs)
             Began as a Demigod Arcane Marksman on Aug 1, 2019.
             Slain by a sky beast (2 damage)
             ... on level 4 of the Dungeon.
             The game lasted 00:07:36 (3391 turns).

GordonOverkill the Shooter (DgAM)                   Turns: 3391, Time: 00:07:36

Health: 0/35       AC:  2    Str: 13    XL:     4   Next: 32%
Magic:  8/9        EV: 13    Int: 17    God:
Gold:   168        SH:  0    Dex: 18    Spells: 1/7 levels left

rFire    . . .     SeeInvis .   a - +0 shortbow
rCold    . . .     Gourm    .   (shield currently unavailable)
rNeg     . . .     Faith    .   e - +0 robe
rPois    .         Spirit   .   (no helmet)
rElec    .         Reflect  .   (no cloak)
rCorr    .         Harm     .   (no gloves)
MR       .....                  (no boots)
Stlth    ++........             (no amulet)
HPRegen  0.11/turn              (no ring)
MPRegen  0.11/turn              (no ring)

@: no status effects
A: high mp 1
a: no special abilities


You were on level 4 of the Dungeon.
You were not hungry.

You visited 1 branch of the dungeon, and saw 4 of its levels.

You collected 168 gold pieces.

Inventory:

Hand Weapons
 a - a +0 shortbow (weapon)
 g - a +0 hunting sling
 s - a +0 whip
Missiles
 d - 6 arrows (quivered)
 o - 81 stones
Armour
 e - a +0 robe (worn)
 l - a +0 leather armour
Scrolls
 b - a scroll of amnesia {unknown}
 j - 4 scrolls of identify {unknown}
 n - 2 scrolls of remove curse {unknown}
 t - a scroll of enchant weapon {unknown}
 u - 4 scrolls of teleportation {unknown}
Potions
 c - a potion of degeneration {unknown}
 h - a potion of invisibility {unknown}
 i - 2 potions of haste {unknown}
 k - a potion of agility {unknown}
 m - 2 potions of curing {unknown}
 p - a potion of ambrosia {unknown}
 q - 2 potions of might {unknown}
Comestibles
 f - 5 rations
 r - 3 chunks of flesh


   Skills:
 - Level 1.0 Fighting
 + Level 3.3 Bows
 - Level 2.0 Dodging
 - Level 2.0 Spellcasting
 - Level 3.0 Hexes
 + Level 0.6 Translocations


You had one spell level left.
You knew the following spells:

 Your Spells              Type           Power        Failure   Level  Hunger
a - Corona                Hex            ##.....      5%          1    #......
b - Slow                  Hex            ##......     9%          2    ###....
c - Portal Projectile     Hex/Tloc       #.....       26%         3    ###....

Your spell library contained the following spells:

 Spells                   Type           Power        Failure   Level  Hunger
 Inner Flame              Hex/Fire       #.......     30%         3    ###....
 Cause Fear               Hex            ##........   50%         4    #####..
 Leda's Liquefaction      Hex/Erth       #.........   71%         4    #####..


Dungeon Overview and Level Annotations

Branches:
Dungeon (4/15)
 Temple: D:4-7


Innate Abilities, Weirdness & Mutations

You have an increased reservoir of magic. (+10% MP)


Message History

Firing (i - inventory. (/) - cycle)
d - 9 arrows (quivered)
Press: ? - help, Shift-Dir - straight line, f/p - sky beast
Aim: a sky beast (severely wounded)
You shoot an arrow. The arrow closely misses the sky beast.
The sky beast hits you but does no damage.
Firing (i - inventory. (/) - cycle)
d - 8 arrows (quivered)
Press: ? - help, Shift-Dir - straight line, f/p - sky beast
Aim: a sky beast (severely wounded)
You shoot an arrow. The arrow barely misses the sky beast.
The sky beast hits you.
* * * LOW HITPOINT WARNING * * *
The sky beast shocks you.
* * * LOW HITPOINT WARNING * * *
Firing (i - inventory. (/) - cycle)
d - 7 arrows (quivered)
Press: ? - help, Shift-Dir - straight line, f/p - sky beast
Aim: a sky beast (severely wounded)
You shoot an arrow. The arrow hits the sky beast.
The sky beast is severely wounded.
The sky beast hits you.
You die...

########.###....# ....
.........###....# ....
########........# .....
#.####...# #.[.. ####
#.## #...# ...... ...##
#..# #...#
(.....###..#####.###...#
.........#.....#..##...#
......Y@..........######
.....##...........# .#.
#...........#
##..........#
##.........# #.........#
#.........# #.........#
###########


You could see a sky beast.

Vanquished Creatures
  A worker ant (D:4)
  An adder (D:3)
  A worm (D:2)
  3 dart slugs
  3 leopard geckos (D:2)
  An orc (D:3)
  5 bats
  2 giant cockroaches (D:3)
  8 goblins
  8 hobgoblins
  8 jackals
  4 frilled lizards
  8 kobolds
  6 rats
59 creatures vanquished.

Vanquished Creatures (others)
  A human (D:2)
1 creature vanquished.

Grand Total: 60 creatures vanquished

Notes
Turn   | Place    | Note
-------+----------+-------------------------------------------
     0 | D:1      | GordonOverkill the Demigod Arcane Marksman began the quest
                  | for the Orb.
     0 | D:1      | Reached XP level 1. HP: 15/15 MP: 4/4
    12 | D:1      | Reached skill level 1 in Fighting
   475 | D:1      | Reached XP level 2. HP: 23/23 MP: 5/5
   528 | D:1      | Learned a level 2 spell: Slow
   907 | D:1      | You fall into a shaft and drop 1 floor!
  1458 | D:2      | Reached XP level 3. HP: 28/28 MP: 5/7
  1605 | D:2      | Found an ancient bone altar of Kikubaaqudgha.
  1618 | D:2      | Noticed a human
  1619 | D:2      | Killed a human
  2994 | D:3      | Reached XP level 4. HP: 35/35 MP: 7/9
  3303 | D:4      | Learned a level 3 spell: Portal Projectile
  3378 | D:4      | Noticed a sky beast
  3391 | D:4      | Slain by a sky beast

Levels and vault maps discovered:
D:1:      dpeg_arrival_shelter, layout_basic, minmay_pentomino_w2
D:2:      layout_loops_cross, tgw_kikubaaqudgha
D:3:      layout_loops_ring, first_ration, kennysheep_another_room,
          eino_curves_04
D:4:      layout_rooms

Skill      XL: |  1  2  3 |
---------------+----------+-----
Fighting       | 1 |  1.0
Bows           | 2 3 |  3.3
Dodging        | 2 |  2.0
Hexes          | 3 |  3.0
Spellcasting   | 2 |  2.0
Translocations | |  0.6

Action                   |  1- 3 |  4- 6 || total
-------------------------+-------+-------++-------
 Fire: Shortbow          |   156 |    15 ||   171
Throw: Stone             |    17 |       ||    17
 Cast: Corona            |    65 |     4 ||    69
  Eat: Chunk             |     8 |     1 ||     9
Armor: Robe              |    16 |     2 ||    18
Dodge: Dodged            |    70 |     4 ||    74

Table legend:
 A = Non-vault XP
 B = Vault XP
 C = Vault XP percentage of total XP
 D = Non-vault monster count
 E = Vault monster count
 F = Vault count percentage of total count
                 A         B        C        D         E       F
            +---------+---------+-------+---------+---------+-------
      Total |     154 |       0 |   0.0 |      59 |       0 |   0.0
            +---------+---------+-------+---------+---------+-------
        D:1 |      35 |       0 |   0.0 |      20 |       0 |   0.0
        D:2 |      36 |       0 |   0.0 |      16 |       0 |   0.0
        D:3 |      50 |       0 |   0.0 |      21 |       0 |   0.0
        D:4 |      33 |       0 |   0.0 |       2 |       0 |   0.0
            +---------+---------+-------+---------+---------+-------
